[Event "XV American Continental 2022"]
[Site "San Salvador"]
[Date "2022.05.06"]
[Round "7.11"]
[White "Thavandiran, Shiyam"]
[Black "Arias Gaviria, Mario Alexis"]
[Result "1/2-1/2"]
[ECO "B94"]
[WhiteElo "2399"]
[BlackElo "2181"]
[Annotator "TA"]
[PlyCount "49"]
[EventDate "2022.05.02"]
[EventCountry "ESA"]
[SourceTitle "playchess.com"]
[Source "ChessBase"]
[SourceQuality "1"]
[TimeControl "40/5400+30:1800+30"]

1. e4 c5 2. Nf3 d6 3. d4 cxd4 4. Nxd4 Nf6 5. Nc3 a6 6. Bg5 Nbd7 7. Bc4 {[%emt 0:00:37] 7.Qe2 is a critical line.} g6 8. O-O {[%emt 0:04:33] B94: Sicilian Najdorf: 6 Bg5 Nbd7.} Bg7 9. Re1 h6 10. Bh4 {[%emt 0:03:49] White is slightly better.} O-O 11. a4 {[%emt 0:12:42] [#]} Re8 $146 ({Predecessor:} 11... Ne5 12. Bb3 Nc6 13. Nxc6 bxc6 14. e5 dxe5 15. Rxe5 Qxd1+ 16. Rxd1 e6 17. Re3 a5 {0-1 (35) Vlaovic,D (2250)-Anastasian,A (2445) Novi Sad 1988}) 12. Ra3 Qa5 13. Ba2 e6 14. Nb3 (14. Ndb5 {feels hotter.} axb5 15. axb5 Qxc3 16. Rxc3 Rxa2 17. Rd3) 14... Qh5 15. Bg3 Qxd1 16. Rxd1 Ne5 {[%emt 0:01:51] ...Nc4 is the strong threat.} 17. Na5 {[%emt 0:00:28] Against Nc4} ({Don't blunder} 17. Rxd6 $2 Nc4 18. Nc1 Nxa3 19. bxa3 Nh5 $19) 17... Bf8 18. Rb3 $1 b5 19. Rb4 {[%emt 0:05:37] [#]} ({Reject} 19. axb5 axb5 20. Rxb5 Bd7 21. Rxe5 dxe5 $17) (19. f3 $11) 19... Nh5 $1 $17 {[%emt 0:07:28] Black is better.} 20. Rbd4 Nxg3 21. hxg3 Rb8 22. b4 Bd7 23. axb5 axb5 24. Bb3 Rec8 25. Ne2 {[%emt 0:00:13] Weighted Error Value: White=0.19 (very precise) /Black=0.02 (flawless)} 1/2-1/2

[Event "XV American Continental 2022"]
[Site "San Salvador"]
[Date "2022.05.08"]
[Round "8.1"]
[White "Gareyev, Timur"]
[Black "Yoo, Christopher Woojin"]
[Result "1-0"]
[ECO "E51"]
[WhiteElo "2565"]
[BlackElo "2535"]
[Annotator "TA"]
[PlyCount "89"]
[EventDate "2022.05.02"]
[EventCountry "ESA"]
[SourceTitle "playchess.com"]
[Source "ChessBase"]
[SourceQuality "1"]
[TimeControl "40/5400+30:1800+30"]

1. d4 Nf6 2. c4 e6 3. Nc3 Bb4 4. e3 O-O 5. Bd3 d5 6. a3 Be7 7. Nf3 dxc4 8. Bxc4 c5 9. O-O a6 {[%emt 0:04:19] E51: Nimzo-Indian: Rubinstein: 4...0-0 5 Nf3 d5.} 10. dxc5 Bxc5 11. Qe2 b5 {[%emt 0:02:21] The position is equal.} 12. Bd3 (12. Ba2 $142) 12... Bb7 $11 13. e4 Nbd7 14. e5 {[%emt 0:08:40] [#]} Bxf3 $146 ({Predecessor:} 14... Ne8 15. Rd1 Qe7 16. Bxh7+ Kxh7 17. Ng5+ Kg6 18. Qd3+ f5 19. exf6+ Kxf6 20. Qxd7 Qxd7 21. Rxd7 Nd6 22. Nh7+ Ke5 23. Nxf8 Rxf8 24. Be3 Bxe3 25. fxe3 g6 26. Rd1 Bd5 27. Rxd6 {1-0 (26) Bouvier,B-Antonoff,G (2185) Paris 1995}) 15. gxf3 Nh5 ({But not} 15... Nxe5 16. Qxe5 Qxd3 17. Qxc5 $16) 16. Qe4 g6 17. Be2 Ng7 18. Bh6 Re8 19. Rad1 Nf5 20. Bc1 Qc7 21. f4 Bb6 (21... Nb6 $15) 22. Bf3 Nc5 23. Qc6 (23. Qc2 $11) 23... Qa7 $1 $17 {[%emt 0:06:13] White must now prevent ...Rac8.} 24. Bg4 {[%emt 0:02:34] [#]} Nh4 $1 {[%emt 0:03:10] Pair of Knights!} 25. Rd6 {[%emt 0:03:00] [#]} Bc7 (25... Rab8 $1 $17 26. Be3 h5) 26. Rdd1 (26. Rd5 $11 {remains equal.} exd5 27. Nxd5) 26... Rac8 ({Better is} 26... Rec8 $17 {...h5 is the strong threat.} 27. Qh1 Bb6) 27. Nd5 $1 $11 {[%emt 0:06:41] [#]} Bxe5 28. Qb6 Qa8 (28... Qxb6 $11 29. Nxb6 Rc6 30. fxe5 Rxb6) 29. fxe5 $16 {[%emt 0:00:44] Threatens to win with Nf6+. White now steadily converts the win.} exd5 (29... h5 $16 30. Nf6+ (30. Bg5 exd5 31. Bxh4 hxg4 $17) 30... Kh8) 30. Qf6 $18 {[%emt 0:00:30] Bh6 would kill now.} g5 (30... Nf5 {was called for.}) 31. Qxg5+ Ng6 32. Bxc8 Rxc8 33. Qg2 Rd8 34. Bg5 Re8 35. Rxd5 Ne6 36. Rfd1 Kh8 (36... Qa7 $142 37. Bf6 Qc7) 37. Bf6+ Kg8 38. Bg5 {[%emt 0:00:04] Against Nef4} (38. Qg4 $142) 38... Kh8 $1 {[%emt 0:00:53] [#]} 39. Qf3 {[%emt 0:02:15] Against Nef4} Kg8 40. Bh6 {[%emt 0:01:57] And now Qf6 would win.} Qc8 (40... Ne7 $142 41. R5d3 Qxf3 42. Rxf3 Nc6) 41. Qf6 {[%emt 0:33:01] Strongly threatening Rd7.} Qc4 42. Rd7 Rf8 43. h3 {[%emt 0:03:52][%cal Od1d4] Hoping for R1d4!} a5 44. Kh2 {[%emt 0:00:00] Threatening mate with Rg1.} Qb3 45. R1d6 {[%emt 0:00:00] Weighted Error Value: White=0.39/Black=0.31} 1-0

[Event "XV American Continental 2022"]
[Site "San Salvador"]
[Date "2022.05.08"]
[Round "8.2"]
[White "Kaidanov, Gregory"]
[Black "Swiercz, Dariusz"]
[Result "1-0"]
[ECO "E25"]
[WhiteElo "2556"]
[BlackElo "2665"]
[Annotator "TA"]
[PlyCount "57"]
[EventDate "2022.05.02"]
[EventCountry "ESA"]
[SourceTitle "playchess.com"]
[Source "ChessBase"]
[SourceQuality "1"]
[TimeControl "40/5400+30:1800+30"]

1. d4 Nf6 2. c4 e6 3. Nc3 Bb4 4. a3 Bxc3+ 5. bxc3 c5 6. f3 d5 {[%emt 0:18:25] 6...Nc6 might become the main line.} 7. cxd5 exd5 8. e3 c4 {[%emt 0:00:03] E25: Nimzo-Indian: Sämisch: 5...c5 6 f3 d5 7 cxd5.} 9. Ne2 Nc6 10. Ng3 (10. Rb1 $11) 10... h5 $15 {[%emt 0:07:46] Black is slightly better.} 11. h4 Qc7 12. Kf2 Na5 {[%emt 0:00:43] [#]} 13. Rb1 $146 ({Predecessor:} 13. Be2 Bd7 14. e4 dxe4 15. fxe4 Nb3 16. Rb1 O-O-O 17. Bg5 Ng4+ 18. Bxg4 Bxg4 19. Qc2 {0-1 (38) Ciorica,M (2071)-Cioara,A (2437) Arad 2016}) 13... O-O 14. e4 dxe4 15. Rb5 Nb3 {[%emt 0:08:15] Pair of Knights!} 16. Nxh5 ({Much weaker is} 16. Nxe4 Nxe4+ 17. fxe4 Bg4 $17) 16... Nxh5 17. Rxh5 Bd7 18. Be3 Rae8 19. f4 {[%emt 0:01:01][%cal Bf3f4,Bf4f5][%mdl 32] Black must now prevent f5.} f6 20. f5 {[%emt 0:01:38] Threatens to win with Qg4.} Re7 {[%emt 0:04:06] [#]} ({Black should try} 20... Rd8 $1 $11) 21. Qg4 $1 $16 Be8 {[%emt 0:04:20] Prevents Qg6.} 22. Rh6 $1 b5 {[%emt 0:00:01] Strongly threatening ...Qa5.} 23. h5 {[%emt 0:04:54][%cal Oh6g6,Bh4h5,Bh5h6][%mdl 32] Rg6! is the strong threat.} a5 $2 {[%emt 0:00:49][%mdl 8192] [#] This costs Black the game.} (23... Qa5 $2 24. Rg6 Nxd4 25. Bxd4 $18) (23... Na1 $16 {is a better chance.}) 24. Rg6 $1 $18 b4 (24... Qc8 25. Qf4) 25. axb4 (25. h6 $142 Rff7 26. axb4) 25... axb4 26. h6 Bxg6 27. hxg7 Rff7 28. Rh8+ Kxg7 29. Qh4 {[%emt 0:00:09] Weighted Error Value: White=0.06 (flawless) /Black=1.14} 1-0

[Event "XV American Continental 2022"]
[Site "San Salvador"]
[Date "2022.05.07"]
[Round "8.3"]
[White "Krysa, Leandro"]
[Black "Quesada Perez, Yasser"]
[Result "0-1"]
[ECO "E20"]
[WhiteElo "2525"]
[BlackElo "2560"]
[Annotator "TA"]
[PlyCount "94"]
[EventDate "2022.05.02"]
[EventCountry "ESA"]
[SourceTitle "playchess.com"]
[Source "ChessBase"]
[SourceQuality "1"]
[TimeControl "40/5400+30:1800+30"]

1. d4 Nf6 2. c4 e6 3. Nc3 Bb4 4. g3 c5 5. Nf3 Ne4 6. Qd3 Qa5 7. Qxe4 Bxc3+ 8. Bd2 Bxd2+ 9. Nxd2 O-O 10. dxc5 Qxc5 11. Bg2 Nc6 12. O-O {[%emt 0:02:05] E20: Nimzo-Indian: 4 g3 and 4 f3.} b5 13. Nb3 Qxc4 {[%emt 0:01:47] [#]} 14. Rac1 $146 {[%emt 0:05:48] The position is equal.} ({Predecessor:} 14. Qe3 b4 15. Rfc1 Qa6 16. Qd2 Rb8 17. Qd6 Qb6 18. Rd1 f6 19. Rac1 Ne5 20. Rc7 Qxd6 21. Rxd6 {1-0 (54) Spasov,S (2282)-Kosirog,N (2068) ICCF email 2016}) 14... Qxe4 15. Bxe4 a5 16. Rfd1 a4 17. Bxc6 ({Don't play} 17. Nd4 Nxd4 $1 18. Rxd4 d5 $15) 17... dxc6 18. Nc5 a3 19. b4 e5 20. Kf1 Bf5 21. Ke1 Rfd8 22. f3 (22. Rxd8+ $11 Rxd8 23. Nd3) 22... f6 23. Rxd8+ Rxd8 $15 {[%emt 0:00:07][%mdl 4096] Endgame KRB-KRN} 24. Rc3 Ra8 $1 {[%emt 0:04:01] White must now prevent ...Bb1. Black is more active.} 25. e4 Bg6 26. Nb3 Ra4 {[%emt 0:02:12] Strongly threatening ...h5.} 27. Rxc6 h5 (27... f5 $17 28. exf5 Bxf5) 28. Kd2 Rxb4 29. Ra6 Ra4 30. Rb6 {[%emt 0:00:10] Black continues to play with concentration.} (30. Rxa4 $1 $15 bxa4 31. Nc1) 30... Be8 $1 $17 31. Rb8 Kf7 32. Nc5 (32. Rb7+ $142 Kg6 33. Rb8) 32... Rd4+ 33. Ke3 (33. Nd3 $17) 33... Ke7 34. Rb7+ (34. Nd3 $17) 34... Kd6 $19 35. Nb3 Rd1 36. Rxg7 Rh1 37. Ra7 {[%emt 0:01:07] [#]} b4 ({Not} 37... Rxh2 38. Ra6+ Ke7 39. Rxa3 $15) 38. Ra6+ {[%emt 0:01:46] [#]} (38. Ra8 {was worth a try.} Bf7 39. Ra6+ Ke7 40. Na5) 38... Kc7 $1 {[%emt 0:00:23] Black is clearly winning.} 39. Nc5 Rxh2 40. Ne6+ Kd7 41. Nc5+ Ke7 42. Re6+ Kf7 43. Rb6 Rxa2 44. Rb7+ Kg8 {[%emt 0:00:21] ...Rc2 is the strong threat.} 45. Nd3 Ra1 {[%emt 0:03:34] Hoping for ...a2.} 46. Nxb4 Rb1 {[%emt 0:00:05][%cal Ob1b4] aiming for ...Rxb4!} 47. Re7 Kf8 {[%emt 0:00:12] Weighted Error Value: White=0.38/Black=0.07 (flawless)} 0-1

[Event "XV American Continental 2022"]
[Site "San Salvador"]
[Date "2022.05.07"]
[Round "8.4"]
[White "Pichot, Alan"]
[Black "Diaz Rosas, Julio Cesar"]
[Result "1-0"]
[ECO "B31"]
[WhiteElo "2652"]
[BlackElo "2351"]
[Annotator "TA"]
[PlyCount "59"]
[EventDate "2022.05.02"]
[EventCountry "ESA"]
[SourceTitle "playchess.com"]
[Source "ChessBase"]
[SourceQuality "1"]
[TimeControl "40/5400+30:1800+30"]

1. e4 c5 2. Nf3 Nc6 3. Bb5 g6 4. Bxc6 dxc6 5. d3 Bg7 6. h3 Nf6 7. Nc3 Nd7 {[%emt 0:00:33] is more profitable than 7...0-0 at the moment.} 8. Be3 e5 9. Qd2 h6 {[%emt 0:03:58] B31: Sicilian: 2...Nc6 3 Bb5 g6.} 10. O-O b6 11. Nh2 Nf8 {[%emt 0:00:07] The position is equal.} 12. f4 exf4 13. Bxf4 Ne6 14. Bg3 Nd4 15. Rae1 Qe7 {[%emt 0:05:33] [#]} (15... O-O $11) 16. Nd5 $1 cxd5 17. exd5 {[%emt 0:00:05] aiming for Bd6.} Ne6 18. Ng4 {[%emt 0:15:27] Hoping for Be5.} Qg5 19. Qxg5 {[%emt 0:02:54] White is much more active.} hxg5 {[%emt 0:00:07] [#]} 20. dxe6 $146 ({Predecessor:} 20. Be5 Bxe5 21. Nxe5 Rh7 22. dxe6 Bxe6 23. Nxf7 Rxf7 24. Rxe6+ Re7 25. Rxg6 Kd7 26. Rxg5 {1-0 (39) Garifullina,L (2390)-Corrales Jimenez,Z (2191) Krasnaya Polyana 2021}) 20... Bxe6 21. Be5 Kf8 22. Nf6 $1 Rd8 {[%emt 0:02:24] Inhibits Bd6+.} 23. Bc7 Rd4 {[%emt 0:00:59] [#]} 24. c3 ({White should try} 24. Rxe6 $1 fxe6 25. Nh5+ (25. Be5 Rf4 $11) 25... Rf4 26. Nxf4 (26. Bxf4 gxh5 27. Bxg5+ Ke8 $16) 26... Bd4+ 27. Kh2 gxf4 28. Bxf4 (28. Rxf4+ Ke7 $16)) 24... Rxd3 $16 {[%emt 0:01:02] [#] White is better.} 25. Re3 $1 Bxf6 26. Rxd3 Bc4 {[%emt 0:00:17] [#]} 27. Rxf6 $1 Bxd3 28. Rd6 {And now Rd8+ would win.} Bb5 29. Rd8+ {[%mdl 1088] Skewer. White has strong compensation.} Be8 30. Ra8 {Weighted Error Value: White=0.05 (flawless) /Black=0.16 (very precise)} 1-0

[Event "XV American Continental 2022"]
[Site "San Salvador"]
[Date "2022.05.07"]
[Round "8.5"]
[White "Valdes Romero, Leonardo"]
[Black "Mekhitarian, Krikor Sevag"]
[Result "0-1"]
[ECO "A13"]
[WhiteElo "2403"]
[BlackElo "2569"]
[Annotator "TA"]
[PlyCount "62"]
[EventDate "2022.05.02"]
[EventCountry "ESA"]
[SourceTitle "playchess.com"]
[Source "ChessBase"]
[SourceQuality "1"]
[TimeControl "40/5400+30:1800+30"]

1. c4 e6 2. Nf3 d5 3. e3 Nf6 4. Nc3 a6 5. b3 Bd6 6. Bb2 {[%emt 0:02:09] A17: English Opening: 1...Nf6 with ...Bb4.} b6 7. Qc2 Bb7 8. cxd5 {[%emt 0:11:34] The position is equal.} exd5 9. Be2 Nbd7 10. O-O O-O 11. Rac1 Re8 12. Rfd1 Qe7 13. Qf5 Rac8 14. d4 g6 15. Qh3 Rcd8 {[%emt 0:21:14] [#]} 16. Ng5 $146 ({Predecessor:} 16. Qh4 Qf8 17. Ne5 Qg7 18. f4 Nf8 19. g4 N6d7 20. g5 f6 21. Ng4 fxg5 22. fxg5 {1-0 (52) Amato,A (2330)-Le Goff,R (2303) Trieste 2019}) 16... Qf8 17. g3 h6 18. Nf3 c5 19. Ba3 Kg7 20. Nd2 {[%emt 0:01:32] Against c4} (20. Qf1 $11 {remains equal.}) 20... Qe7 21. Bf3 Nf8 (21... cxd4 $1 $15 {might be stronger.} 22. Bxd6 Qxd6 23. exd4 Qb4) 22. Qg2 (22. dxc5 $11 Bxc5 23. Bxc5 bxc5 24. Qg2) 22... cxd4 $1 $15 23. Bxd6 Qxd6 24. exd4 Ne6 25. Nf1 $1 Qb4 {[%emt 0:01:11] Black is more active.} 26. Ne2 Rc8 27. Rxc8 Rxc8 28. Ne3 {[%emt 0:00:07] Inhibits Rc2.} Qa3 $36 {[%emt 0:00:09][%mdl 2048] Black has good play.} 29. Nxd5 $2 {[%emt 0:01:03][%mdl 8192] [#]} (29. Nf4 $15) 29... Ng5 $1 $19 {[%emt 0:00:55] Black is clearly winning.} 30. Nef4 Nxf3+ 31. Qxf3 {[%emt 0:00:02][%cal Of4e6] Hoping for Ne6+!} Qd6 {[%emt 0:00:09] Prevents Ne6+.  Weighted Error Value: White=0.45/Black=0.10 (very precise)} 0-1

[Event "XV American Continental 2022"]
[Site "San Salvador"]
[Date "2022.05.07"]
[Round "8.6"]
[White "Salinas Herrera, Pablo"]
[Black "Sarkar, Justin"]
[Result "1-0"]
[ECO "C80"]
[WhiteElo "2534"]
[BlackElo "2325"]
[Annotator "TA"]
[PlyCount "69"]
[EventDate "2022.05.02"]
[EventCountry "ESA"]
[SourceTitle "playchess.com"]
[Source "ChessBase"]
[SourceQuality "1"]
[TimeControl "40/5400+30:1800+30"]

1. e4 e5 2. Nf3 Nc6 3. Bb5 a6 4. Ba4 Nf6 5. O-O Nxe4 6. Re1 Nc5 7. Bxc6 dxc6 8. Nxe5 Be7 9. d4 Ne6 10. Be3 O-O 11. c4 Re8 {[%emt 0:13:37] C80: Open Ruy Lopez: Sidelines and 9 Nbd2.} 12. Nc3 f6 13. Nf3 Bd6 {[%emt 0:03:20] The position is equal.} 14. Qb3 c5 15. dxc5 Nxc5 {[%emt 0:00:19] [#]} 16. Bxc5 $146 ({Predecessor:} 16. Qc2 Bg4 17. b4 Nd7 18. c5 Be5 19. Nxe5 Nxe5 20. Bf4 Qd3 21. Qc1 Rac8 22. Bxe5 Rxe5 23. Rxe5 fxe5 {1-0 (38) Dexter,D (2243)-Dunne,P (1857) Leipzig 2007}) 16... Rxe1+ 17. Rxe1 Bxc5 18. Ne4 Be7 19. c5+ Kf8 $1 20. h3 Qd7 21. Qe3 {[%emt 0:08:15] 0x0.002b16ec2911dp-1022s more active pieces.} a5 22. Nd4 Ra6 23. g4 h5 $2 ({Black should try} 23... Qd8 $14) 24. c6 bxc6 25. Nf5 $1 {[%emt 0:00:42] Black must now prevent Nc5. Pair of Knights!} ({Stronger than} 25. gxh5 c5 26. Nb5 Qxh3 $11) 25... hxg4 $2 {[%emt 0:00:35] [#]} (25... Qd8 {was called for.}) 26. hxg4 $2 (26. Nc5 $1 $18 {and the rest is easy.} Qxf5 27. Qxe7+ Kg8 28. Qd8+ (28. Qxc7 g3 $11) 28... Kh7 {[#]} 29. Re8 $1 (29. Nxa6 gxh3 30. Qxc7 Bxa6 $16)) 26... Qe6 (26... Qd8 $16) 27. Qh3 $18 Bb4 28. Rd1 {[%emt 0:01:28] Threatening mate with Rd8+.} ({Weaker is} 28. Qh8+ Qg8 29. Qh4 Bxe1 $11) 28... Kg8 $2 (28... Bd6 29. Nc5 Qc4) 29. Rd8+ Bf8 {[%emt 0:00:20] [#]} 30. Qa3 $1 c5 {[%emt 0:04:52] [#]} 31. Qxc5 $1 Rd6 32. Nexd6 cxd6 33. Qxc8 Qe1+ 34. Kg2 Qe4+ 35. Kg3 {[%emt 0:00:09] Weighted Error Value: White=0.44/Black=1.00} 1-0

[Event "XV American Continental 2022"]
[Site "San Salvador"]
[Date "2022.05.07"]
[Round "8.7"]
[White "Hungaski, Robert"]
[Black "Zilleruelo Irizarry, Diego"]
[Result "1-0"]
[ECO "B12"]
[WhiteElo "2521"]
[BlackElo "2056"]
[Annotator "TA"]
[PlyCount "65"]
[EventDate "2022.05.02"]
[EventCountry "ESA"]
[SourceTitle "playchess.com"]
[Source "ChessBase"]
[SourceQuality "1"]
[TimeControl "40/5400+30:1800+30"]

1. e4 c6 2. d4 d5 3. e5 c5 4. c3 e6 5. Nf3 Nd7 6. Bd3 {[%emt 0:02:03] B12: Caro-Kann: Advance Variation.} Ne7 {[%emt 0:00:34] [#]} 7. a3 $146 ({Predecessor:} 7. O-O Nc6 8. Re1 Be7 9. Be3 a6 10. Nbd2 b5 11. Nf1 c4 12. Bc2 b4 13. Qd2 {0-1 (75) Demchenko,A (2641)-Goltsev,D (2292) Chess.com INT 2020}) 7... Nc6 8. h4 {[%emt 0:04:40] White is slightly better.} cxd4 (8... Qb6 $11 {keeps the balance.}) 9. cxd4 $16 f6 10. Bf4 {[%emt 0:09:50] White is more active.} (10. Ng5 {feels hotter.} Ndxe5 11. dxe5 fxg5 12. Qh5+) 10... Qc7 (10... fxe5 $14 11. dxe5 (11. Nxe5 Ndxe5 12. dxe5 g6 $11) 11... Nc5) 11. Nc3 a6 12. Rc1 fxe5 (12... Be7 $16 {is a better defense.}) 13. dxe5 (13. Nxe5 Ndxe5 14. O-O (14. dxe5 g6 $14) 14... Qf7 15. Bxe5 Nxe5 16. dxe5 Bd7 $14) 13... Nc5 (13... Be7 $142 14. g3 Rb8) 14. Bb1 $18 Qf7 15. Ne2 Be7 16. Ng5 {[%emt 0:02:16] Inhibits Ne4.} Qg8 17. Rc3 {[%emt 0:08:47][%cal Bc1c3,Bc3h3,Bh3f3,Bf3f6][%mdl 32] Hoping for Qc1.} Nd7 (17... a5 {might work better.} 18. Nd4 Bd7 19. Nxc6 Bxc6) 18. Qc2 Bxg5 19. hxg5 g6 20. b4 Ke7 (20... Qf7 $142 21. Rh6 Rb8) 21. Rch3 Qf7 22. Bc1 Nf8 23. Be3 ({Weaker is} 23. Rf3 Qg8 24. Rc3 (24. b5 axb5 25. Rb3 Kd8 $16) 24... Bd7 $18) 23... Bd7 24. Bc5+ Kd8 25. Qc3 Rc8 26. Rf3 Qg7 27. Rf6 Ne7 28. Qf3 {[%emt 0:00:29] [#] Rf7 is the strong threat.} Ke8 {[%emt 0:00:15] Inhibits Rf7.} 29. Rh4 {[%emt 0:01:58] And now Rhf4 would win.} Nf5 $2 (29... Bb5 30. Rhf4 Rxc5) 30. Bxf5 {[%emt 0:00:52] White is clearly winning.} gxf5 31. Qh5+ Kd8 32. Bxf8 Rxf8 33. Qxh7 {[%emt 0:00:15] White took control after the opening.  Weighted Error Value: White=0.15 (very precise) /Black=0.41} 1-0

[Event "XV American Continental 2022"]
[Site "San Salvador"]
[Date "2022.05.07"]
[Round "8.8"]
[White "Giron, Jorge Ernesto"]
[Black "Morovic Fernandez, Ivan"]
[Result "0-1"]
[ECO "C90"]
[WhiteElo "2257"]
[BlackElo "2495"]
[Annotator "TA"]
[PlyCount "174"]
[EventDate "2022.05.02"]
[EventCountry "ESA"]
[SourceTitle "playchess.com"]
[Source "ChessBase"]
[SourceQuality "1"]
[TimeControl "40/5400+30:1800+30"]

1. e4 e5 2. Nf3 Nc6 3. Bb5 a6 4. Ba4 Nf6 5. O-O Be7 6. d3 b5 7. Bb3 d6 8. c3 O-O 9. Re1 Nd7 10. Nbd2 Nb6 11. Nf1 Na5 12. Bc2 c5 13. Ne3 Nc6 {[%emt 0:00:58] C90: Closed Ruy Lopez with 7...d6: Early deviations.} 14. a4 Nxa4 15. Bxa4 bxa4 {[%emt 0:00:03] White has an edge.} 16. Qxa4 Bd7 {[%emt 0:00:59] [#]} 17. Qc4 $146 ({Predecessor:} 17. Qc2 Qb8 18. Nd2 Bd8 19. Ndc4 Ne7 20. Ra3 Bc7 21. Bd2 Qb7 22. Na5 Bxa5 23. Rxa5 {½-½ (44) Gdanski,J (2540)-Blagojevic,D (2465) Senec 1998}) 17... a5 18. Nd5 a4 19. b4 {[%emt 0:00:09] Inhibits Na5.} axb3 $1 20. Rxa8 Qxa8 21. Qxb3 Rb8 22. Qc4 Bf8 23. Ng5 (23. d4 $15) 23... Nd8 $1 $17 24. d4 Rb1 25. Qe2 {[%emt 0:15:08][%cal Og5h7] [#]} Qa1 $1 26. Bd2 ({Don't blunder} 26. Qh5 $2 h6 27. Qe2 Rxc1 $19) 26... cxd4 27. cxd4 exd4 28. h3 Ne6 29. Rxb1 Qxb1+ 30. Qf1 Qa2 (30... Qxf1+ $19 31. Kxf1 Bb5+ 32. Ke1 h6 33. Nxe6 fxe6) 31. Qc1 Nc5 32. Nb4 Qb3 {[%emt 0:01:36] Black is more active.} 33. Qc2 (33. Nf3 $17) 33... Qxc2 34. Nxc2 f6 35. Nf3 d3 36. Nb4 Be8 37. Be3 Bg6 38. Nd2 Nxe4 39. Nxe4 Bxe4 {[%emt 0:00:02][%mdl 4096] Endgame KBB-KBN} 40. f3 Bf5 41. Kf2 Kf7 42. Bd4 h5 43. g4 {[%emt 0:00:00] [#]} d2 $1 44. Ke2 Bc8 45. Kxd2 h4 46. Bf2 {[%emt 0:00:00] [#]} g5 $1 47. Be3 Bb7 48. Ke2 Be7 49. Kf2 f5 50. gxf5 Kf6 51. Nc2 Kxf5 52. Nd4+ Ke5 53. Ne2 $2 (53. Kg2) 53... Bc8 $19 54. Kg2 Bd7 (54... Kd5 $142 {Hoping for ...Kc4.} 55. Bf2 Bf6) 55. Nc3 Bc6 56. Kf2 Bf6 57. Bb6 Ke6 58. Ne4 Be7 59. Bd4 Bd7 60. Kg2 Bc6 61. Kf2 $1 Kf5 62. Ke3 (62. Nd2 $142) 62... Kg6 63. Kf2 (63. Bb6 {was called for.}) 63... d5 64. Nc5 Kf5 (64... Bf6 $142 65. Be3 d4) 65. Nb3 $2 (65. Be3) 65... Ba4 66. Nc5 Bb5 {[%emt 0:00:07] White must now prevent ...Bf6. A strong pair of Bishops.} 67. Nb3 Bc4 68. Na5 Bb5 69. Nb3 $1 Bd6 70. Be3 Bc4 71. Nd4+ Kf6 {[%emt 0:00:06] And now ...Bf4 would win.} 72. Nc6 Ba6 73. Bd4+ Ke6 74. Bb6 Bg3+ 75. Kg2 Bf4 76. Nd4+ Kd7 77. Kf2 Bc8 ({Black should try} 77... Ke7 $19 78. Nf5+ Kf6) 78. Ne2 $17 Bd2 {[%emt 0:00:42] aiming for ...Kc6.} 79. Bd4 $2 {[%emt 0:01:38] This costs White the game.} (79. f4 $17 {was worth a try.}) 79... Kc6 $19 80. Kg2 Kb5 {[%emt 0:00:21] ...Kc4 is the strong threat. Black is clearly winning.} 81. Bf6 Kc4 82. f4 g4 83. Bxh4 gxh3+ ({Wrong is} 83... Kd3 $2 84. Ng1 $19) 84. Kf2 d4 85. Nxd4 Kxd4 86. Bg5 {[%emt 0:00:05] [#]} Be1+ $1 87. Kg1 Bg3 {[%emt 0:00:10] Weighted Error Value: White=0.19 (very precise) /Black=0.13 (very precise)} 0-1